 Dungeon Crawl Stone Soup version 0.19-a0-1861-g35def1e (webtiles) character file.

800 Naow the Cleaver (level 7, 0/60 HPs)
             Began as a Minotaur Berserker on Oct 12, 2016.
             Was a Priest of Trog.
             Slain by Grinder (6 damage)
             ... on level 4 of the Dungeon.
             The game lasted 00:05:49 (3793 turns).

Naow the Cleaver (Minotaur Berserker)               Turns: 3793, Time: 00:05:51

Health: 0/60       AC:  3    Str: 22    XL:     7   Next: 59%
Magic:  6/6        EV: 12    Int:  6    God:    Trog [***...]
Gold:   311        SH:  0    Dex:  9    Spells: 0 memorised, 6 levels left

rFire  . . .     SeeInvis .     a - +0 hand axe
rCold  . . .     Gourm    .     b - +0 animal skin
rNeg   . . .     Faith    .     (no shield)
rPois  .         Spirit   .     (helmet restricted)
rElec  .         Dismiss  .     (no cloak)
rCorr  +         Reflect  .     (no gloves)
MR     ++...     Harm     .     h - +0 pair of boots
Stlth  +.........               (no amulet)
                                (no ring)
                                e - ring of resist corrosion

@: exhausted, regenerating, slowed, very slow
A: retaliatory headbutt, horns 2
a: Berserk, Trog's Hand, Burn Spellbooks, Renounce Religion


You were on level 4 of the Dungeon.
You worshipped Trog.
Trog was most pleased with you.
You were near starving.

You visited 1 branch of the dungeon, and saw 4 of its levels.

You collected 311 gold pieces.

Inventory:

Hand Weapons
 a - a +0 hand axe (weapon)
Armour
 b - a +0 animal skin (worn)
 h - a +0 pair of boots (worn)
Jewellery
 e - a ring of resist corrosion (left hand)
 o - an uncursed ring of fire {unknown}
 t - an uncursed amulet of harm {unknown}
 y - an uncursed ring of protection from magic {unknown}
Wands
 w - a wand of digging (3/24)
Scrolls
 f - 3 scrolls of identify {unknown}
 g - 4 scrolls of amnesia {unknown}
 i - a scroll of enchant armour {unknown}
 m - a scroll of fear {unknown}
 n - 2 scrolls of remove curse {unknown}
 q - a scroll of recharging {unknown}
 u - a scroll of blinking {unknown}
 v - a scroll of magic mapping {unknown}
Potions
 j - a potion of invisibility {unknown}
 k - a potion of experience {unknown}
 l - a potion of flight
 p - a potion of cancellation {unknown}
 r - a potion of berserk rage {unknown}
Books
 s - a book of Conjurations

   Spells                             Type                      Level
   a - Magic Dart                     Conjuration                  1
   b - Searing Ray                    Conjuration                  2
   c - Dazzling Spray                 Conjuration/Hexes            3
   d - Fulminant Prism                Conjuration/Hexes            4
   e - Iskenderun's Mystic Blast      Conjuration                  4
   f - Iskenderun's Battlesphere      Conjuration/Charms           5
   Trog disapproves of the use of such an item.
Comestibles
 c - 3 bread rations
 d - a slice of pizza
 x - 2 meat rations


   Skills:
 - Level 4.3 Fighting
 + Level 10.2 Axes
 - Level 2.6 Armour
 - Level 2.9 Dodging
 - Level 0.3 Stealth


You had 6 spell levels left.
You didn't know any spells.

Dungeon Overview and Level Annotations

Branches:
Dungeon (4/15)
 Temple: D:4-7

Altars:
Trog

Annotations:
D:4 Grinder


Innate Abilities, Weirdness & Mutations

You reflexively headbutt those who attack you in melee.
You have a pair of horns on your head.


Message History

You struggle to resist.
Grinder closely misses you.
Grinder blinks!
Grinder gestures at you. Pain shoots through your body!
Grinder gestures at you. You resist with significant effort. Grinder hits you.
You writhe in agony.
You closely miss Grinder. Your headbutt misses Grinder. Grinder hits you.
You writhe in agony.
You hit Grinder but do no damage. Grinder hits you.
* * * LOW HITPOINT WARNING * * *
You writhe in agony.
* * * LOW HITPOINT WARNING * * *
You are too injured to fight recklessly!
Your skin crawls.
You feel resistant to hostile enchantments.
You are near starving!
Grinder hits you!
* * * LOW HITPOINT WARNING * * *
You writhe in agony.
You die...

######...
#...####. ######
#...# #. ####....
#...# #. #.......
#...# #. #...$...
#...####.
#......#####
#...'....
#...5....#
#...####.
#....@...#####...#
#.
+........'.......#
#.
#........#########
#< ####.>...# ##
####### #. ##


You could see Grinder.

Vanquished Creatures
  Sigmund (D:3)
  Eustachio (D:4)
  Purgy (D:3)
  An ogre (D:4)
  A hound (D:4)
  An orc priest (D:3)
  2 worker ants (D:4)
  3 gnolls (D:3)
  10 adders
  An ooze (D:1)
  2 adder skeletons (D:4)
  2 worms (D:3)
  3 dart slugs
  2 leopard geckos
  3 orcs (D:3)
  8 bats
  7 giant cockroaches
  8 hobgoblins
  3 quokkas (D:2)
  6 frilled lizards (D:2)
  12 goblins
  8 kobolds
  7 rats
93 creatures vanquished.

Vanquished Creatures (others)
  A wizard (D:3)
  4 jackals (D:1)
5 creatures vanquished.

Grand Total: 98 creatures vanquished

Notes
Turn   | Place    | Note
-------+----------+-------------------------------------------
     0 | D:1      | Naow the Minotaur Berserker began the quest for the Orb.
     0 | D:1      | Reached XP level 1. HP: 19/19 MP: 0/0
   256 | D:1      | Reached skill level 4 in Axes
   288 | D:1      | Reached XP level 2. HP: 9/27 MP: 1/1
   981 | D:2      | Reached XP level 3. HP: 31/33 MP: 2/2
  1252 | D:2      | Reached ** piety under Trog
  1509 | D:2      | Reached XP level 4. HP: 38/41 MP: 3/3
  1618 | D:2      | Reached skill level 5 in Axes
  2169 | D:3      | Noticed Sigmund
  2193 | D:3      | Killed Sigmund
  2193 | D:3      | Reached skill level 7 in Axes
  2193 | D:3      | Reached XP level 5. HP: 20/47 MP: 4/4
  2193 | D:3      | Reached XP level 6. HP: 23/53 MP: 5/5
  2526 | D:3      | Found a bloodstained altar of Trog.
  2527 | D:3      | Noticed a wizard
  2532 | D:3      | Killed a wizard
  2772 | D:3      | Reached *** piety under Trog
  3009 | D:3      | Reached skill level 8 in Axes
  3180 | D:3      | Noticed Purgy
  3186 | D:3      | Killed Purgy
  3376 | D:4      | Reached skill level 9 in Axes
  3376 | D:4      | Reached XP level 7. HP: 60/60 MP: 6/6
  3403 | D:4      | Noticed Eustachio
  3435 | D:4      | Killed Eustachio
  3435 | D:4      | Reached skill level 10 in Axes
  3440 | D:4      | HP: 4/90 [poisoned by a worker ant]
  3772 | D:4      | Noticed Grinder
  3780 | D:4      | Paralysed by Grinder for 6 turns
  3793 | D:4      | Slain by Grinder

Vault maps used:
D:1:      dpeg_arrival_renting, minivault_14, lemuel_another_geyser
D:2:      cheibrodos_greedy_goblins, serial_corexii_hall,
          corexii_hall_statues_i, corexii_hall_statues_i, first_bread
D:3:      mumra_celtic_spiral_tile, trog_wizard, uniq_sigmund, uniq_purgy
D:4:      uniq_grinder, uniq_eustachio

Skill      XL: |  1  2  3  4  5  6  7 |
---------------+----------------------+-----
Axes           | 4 7 9 10 | 10.2
Fighting       | 4 |  4.3
Armour         | |  2.6
Dodging        | |  2.9
Stealth        | |  0.3

Action                   |  1- 3 |  4- 6 |  7- 9 || total
-------------------------+-------+-------+-------++-------
Melee: Hand axe          |    70 |   122 |    40 ||   232
       Headbutt          |    12 |    19 |     6 ||    37
Invok: Berserk           |     1 |     4 |     2 ||     7
       Trog's Hand       |       |     1 |     2 ||     3
  Use: Potion            |       |     1 |     1 ||     2
 Stab: Sleeping          |     1 |     1 |       ||     2
  Eat: Chunk             |     3 |     9 |     3 ||    15
Armor: Animal skin       |    17 |    20 |     6 ||    43
Dodge: Dodged            |    43 |    62 |    30 ||   135
